Map: Romanticide LE

Players

GOStephano (Stephano)

  • Race: Zerg Zerg
  • League: Grandmaster
  • Spawn Location: 5:00

Rail - Winner!

  • Race: Protoss Protoss
  • League: Master
  • Spawn Location: 11:00

Event: DreamHack SC2 Masters 2020 Winter

VOD

Have the link to the VOD?

Description

Time

  • Played on: Oct. 31, 2020, 11:27 a.m.
  • Length: 14:02

All games in this series

Show
View Real Time Build Order
Export as new Build Order

GOStephano Zerg 

Build Orders: Hatch First 

Get SALT Encoding   

  12  0:00  Drone  
  13  0:12  Overlord  
  13  0:17  Drone  
  14  0:30  Drone x2  
  16  0:48  Hatchery  
  15  0:51  Drone  
  15  0:54  Drone  
  17  0:58  Drone  
  18  1:08  Extractor  
  17  1:14  Spawning Pool  
  17  1:16  Drone  
  17  1:19  Drone  
  18  1:27  Drone  
  19  1:38  Drone  
  20  1:49  Drone  
  21  2:00  Queen  
  21  2:01  Queen, Zergling x2  
  25  2:02  Zergling x2  
  27  2:10  Drone  
  27  2:11  Overlord  
  28  2:21  Hatchery  
  27  2:24  Drone  
  27  2:29  Metabolic Boost  
  28  2:32  Drone  
  29  2:39  Queen  
  31  2:44  Drone x2  
  31  2:49  Overlord  
  33  2:53  Drone  
  33  2:54  Drone  
  33  2:58  Drone  
  36  3:08  Drone x2  
  36  3:09  Drone x3  
  36  3:11  Drone  
  42  3:14  Overlord  
  42  3:19  Queen  
  42  3:25  Evolution Chamber, Drone  
  44  3:32  Drone x2  
  44  3:33  Spore Crawler  
  45  3:34  Drone  
  45  3:37  Drone x2  
  45  3:39  Drone  
  49  3:42  Drone x2  
  49  3:46  Overlord  
  51  3:49  Drone  
  51  3:51  Zerg Melee Weapons Level 1  
  51  3:52  Drone  
  53  3:58  Drone x2  
  53  4:02  Overlord  
  55  4:06  Drone  
  55  4:07  Roach Warren  
  55  4:14  Drone x4, Overlord  
  59  4:18  Queen  
  59  4:21  Overlord  
  61  4:32  Extractor, Zergling x2  
  61  4:33  Extractor, Zergling x12  
  61  4:36  Queen  
  67  4:41  Overlord  
  67  4:42  Spore Crawler x2  
  65  4:50  Zergling x6  
  65  4:51  Drone x5  
  65  4:52  Drone  
  74  5:00  Drone x3  
  74  5:02  Overlord x2  
  77  5:20  Drone x8  
  83  5:21  Lair  
  83  5:24  Drone  
  83  5:27  Roach  
  83  5:28  Roach x2  
  89  5:37  Roach x2  
  93  5:43  Extractor x2  
  91  5:53  Roach x2  
  91  5:54  Roach x2  
  99  6:01  Zergling x14  
  106  6:11  Overlord x2  
  106  6:14  Overlord x2  
  106  6:15  Overlord  
  106  6:18  Overlord  
  106  6:21  Overlord  
  105  6:27  Glial Reconstitution  
  105  6:28  Hatchery  
  105  6:30  Overlord  
  105  6:31  Drone, Baneling Nest  
  104  6:33  Zerg Melee Weapons Level 2  
  104  6:36  Overseer  
  104  6:37  Roach x2  
  104  6:38  Drone x3, Roach  
  104  6:39  Drone x3  
  116  6:44  Overseer  
  116  6:49  Drone x3  
  116  6:51  Drone  
  116  6:52  Drone x2  
  116  6:53  Drone, Extractor  
  122  7:04  Hatchery  
  122  7:07  Zergling x12  
  122  7:08  Zergling x2  
  127  7:16  Ravager x6  
  127  7:17  Centrifical Hooks  
  127  7:18  Baneling  
  127  7:19  Baneling x9, Zergling x12  
  139  7:26  Roach  
  139  7:28  Baneling x6  
  141  7:30  Zergling x4  
  141  7:33  Overseer  
  143  7:37  Drone x3  
  143  7:41  Drone x4  
  150  7:48  Queen  
  152  7:56  Overlord  
  152  7:57  Zergling x14  
  159  8:00  Unknown  
  159  8:01  Spire  
  157  8:07  Zergling x12  
  157  8:11  Spire  
  162  8:18  Zergling x10  
  167  8:22  Evolution Chamber  
  167  8:24  Hatchery  
  165  8:30  Zergling x20  
  175  8:46  Baneling x15  
  175  8:48  Zergling x14  
  179  8:50  Overlord  
  181  9:07  Hydralisk Den, Queen x3  
  185  9:14  Spore Crawler  
  185  9:15  Spore Crawler  
  185  9:16  Spore Crawler  
  173  9:22  Zergling x20  
  176  9:28  Zerg Flyer Weapons Level 1, Zerg Flyer Armor Level 1  
  176  9:29  Corruptor x4  
  176  9:30  Infestation Pit  
  177  9:38  Corruptor x2  
  164  9:54  Corruptor x5  
  171  10:00  Corruptor  
  171  10:01  Corruptor  
  164  10:10  Corruptor x2  
  145  10:17  Corruptor x2  
  145  10:20  Hive  
  137  10:33  Corruptor  
  137  10:34  Corruptor x2  
  141  10:49  Corruptor x4  
  142  11:00  Zergling x14  
  142  11:01  Zergling x8  
  135  11:05  Roach x3  
  135  11:09  Roach x2  
  127  11:13  Roach x2  
  124  11:18  Roach x3  
  124  11:21  Roach x2  
  124  11:24  Zergling x6  
  129  11:30  Roach x3  
  125  11:34  Roach x2  
  125  11:35  Zergling x2  
  125  11:36  Zergling x2  
  124  11:43  Zerg Flyer Weapons Level 2  
  124  11:47  Viper x2  
  124  11:49  Drone x4  
  124  11:50  Extractor  
  124  11:51  Extractor  
  132  12:06  Corruptor  
  134  12:09  Drone x7  
  141  12:21  Corruptor  
  143  12:25  Hatchery  
  138  12:34  Corruptor x4  
  138  12:36  Overlord  
  142  12:45  Ravager  
  142  12:47  Overseer  
  151  12:59  Overlord  
  127  13:15  Corruptor  
  127  13:19  Roach x4  
  131  13:20  Roach x2  
  131  13:22  Roach x2  
  131  13:27  Roach x2  
  111  13:37  Zergling x8  
  118  13:44  Zergling x4  
Show
View Real Time Build Order
Export as new Build Order

Rail Protoss - Winner!

Build Orders: 1 Gate Expand 

Get SALT Encoding   

  12  0:00  Probe  
  13  0:12  Probe  
  14  0:18  Pylon  
  14  0:24  Probe (Chrono Boost)  
  15  0:36  Probe (Chrono Boost)  
  15  0:38  Gateway  
  16  0:45  Probe (Chrono Boost)  
  16  0:47  Assimilator  
  17  0:51  Probe  
  18  1:03  Probe  
  19  1:15  Probe  
  20  1:24  Nexus  
  20  1:33  Cybernetics Core  
  20  1:35  Probe  
  21  1:42  Assimilator  
  21  1:47  Probe  
  21  1:50  Pylon  
  22  1:59  Probe (Chrono Boost)  
  23  2:11  Stalker, Warp Gate, Probe (Chrono Boost)  
  26  2:16  Probe (Chrono Boost)  
  27  2:26  Robotics Facility, Probe (Chrono Boost)  
  28  2:35  Probe (Chrono Boost)  
  30  2:38  Probe (Chrono Boost)  
  30  2:42  Adept  
  33  2:45  Probe x2 (Chrono Boost)  
  33  2:50  Probe (Chrono Boost)  
  34  2:52  Probe  
  34  2:54  Gateway  
  36  3:02  Probe  
  36  3:03  Shield Battery  
  36  3:05  Probe  
  38  3:13  Observer (Chrono Boost)  
  38  3:14  Probe  
  38  3:17  Probe  
  41  3:24  Pylon  
  41  3:26  Warp Prism (Chrono Boost)  
  42  3:29  Probe  
  42  3:31  Robotics Bay  
  42  3:32  Probe  
  45  3:40  Assimilator  
  45  3:41  Probe  
  45  3:44  Probe  
  45  3:46  Pylon  
  47  3:52  Gateway  
  47  3:53  Probe  
  47  3:54  Gateway  
  48  3:57  Probe  
  48  4:01  Pylon  
  49  4:03  Assimilator  
  49  4:10  Probe  
  49  4:13  Probe  
  49  4:15  Disruptor (Chrono Boost)  
  49  4:16  Gravitic Drive (Chrono Boost)  
  51  4:22  Probe  
  51  4:23  Sentry  
  57  4:25  Probe, Sentry  
  57  4:28  Pylon  
  60  4:38  Probe  
  61  4:46  Pylon  
  61  4:48  Nexus, Sentry  
  61  4:50  Zealot  
  61  4:51  Probe  
  66  4:55  Stargate  
  66  4:56  Probe  
  67  5:02  Pylon  
  67  5:04  Stargate  
  67  5:07  Shield Battery  
  67  5:09  Zealot  
  67  5:14  Probe  
  70  5:22  Probe  
  70  5:26  Probe  
  72  5:30  Zealot  
  72  5:33  Protoss Air Weapons Level 1  
  72  5:34  Zealot, Probe (Chrono Boost), Void Ray  
  77  5:38  Probe (Chrono Boost)  
  77  5:40  Pylon  
  77  5:42  Pylon  
  82  5:46  Probe (Chrono Boost), Void Ray  
  82  5:48  Assimilator  
  84  5:50  Probe (Chrono Boost)  
  84  5:53  Assimilator  
  84  5:54  Probe (Chrono Boost)  
  89  5:59  Probe (Chrono Boost)  
  89  6:01  Probe (Chrono Boost)  
  91  6:06  Zealot  
  94  6:14  Probe (Chrono Boost)  
  94  6:16  Probe (Chrono Boost)  
  95  6:22  Probe (Chrono Boost)  
  95  6:23  Probe (Chrono Boost)  
  98  6:25  Void Ray  
  98  6:29  Forge, Probe (Chrono Boost), Void Ray  
  98  6:30  Probe (Chrono Boost)  
  98  6:32  Probe (Chrono Boost)  
  102  6:33  Fleet Beacon  
  102  6:35  Probe x2 (Chrono Boost)  
  102  6:38  Pylon  
  108  6:40  Probe  
  108  6:45  Gateway  
  109  6:47  Probe x2  
  109  6:48  Pylon  
  109  6:53  Stargate  
  111  6:57  Stargate  
  111  6:59  Zealot  
  111  7:00  Void Ray (Chrono Boost)  
  113  7:05  Protoss Shields Level 1  
  113  7:06  Void Ray (Chrono Boost)  
  113  7:10  Pylon  
  113  7:13  Photon Cannon  
  121  7:21  Nexus  
  121  7:25  Probe x3  
  121  7:26  Phoenix x2 (Chrono Boost)  
  124  7:32  Photon Cannon  
  124  7:34  Photon Cannon  
  124  7:37  Probe  
  124  7:38  Shield Battery  
  124  7:39  Flux Vanes  
  124  7:40  Probe  
  124  7:41  Probe  
  127  7:45  Void Ray (Chrono Boost)  
  127  7:49  Photon Cannon, Probe  
  132  7:51  Void Ray (Chrono Boost)  
  132  7:53  Probe  
  132  7:58  Pylon  
  136  8:02  Shield Battery  
  136  8:04  Disruptor  
  136  8:05  Probe  
  140  8:07  Void Ray (Chrono Boost)  
  140  8:11  Pylon  
  140  8:14  Zealot  
  140  8:17  Probe  
  147  8:21  Photon Cannon, Probe, Void Ray (Chrono Boost)  
  147  8:22  Probe  
  153  8:29  Probe  
  153  8:34  Probe x2, Void Ray (Chrono Boost)  
  156  8:36  Void Ray (Chrono Boost)  
  156  8:38  Assimilator  
  156  8:40  Assimilator  
  160  8:42  Probe  
  160  8:44  Pylon  
  160  8:48  Probe  
  166  8:49  Stalker, Zealot x3  
  166  8:52  Pylon  
  166  8:55  Shield Battery  
  174  8:58  Photon Cannon, Void Ray  
  174  9:06  Probe  
  179  9:13  Stalker  
  179  9:14  Adept x2  
  183  9:19  Zealot, Void Ray  
  183  9:20  Zealot  
  187  9:25  Probe  
  187  9:28  Probe  
  193  9:33  Cybernetics Core  
  193  9:35  Probe  
  193  9:37  Protoss Ground Weapons Level 1  
  194  9:39  Pylon  
  194  9:43  Nexus  
  194  9:45  Pylon  
  194  9:48  Photon Cannon  
  194  9:49  Photon Cannon  
  194  10:04  Void Ray  
  186  10:08  Zealot  
  186  10:09  Zealot x2  
  186  10:10  Void Ray  
  186  10:11  Void Ray  
  186  10:12  Carrier  
  186  10:13  Zealot x2  
  189  10:20  Photon Cannon  
  197  10:21  Photon Cannon  
  197  10:23  Photon Cannon  
  197  10:26  Photon Cannon, Gateway  
  197  10:27  Shield Battery, Twilight Council  
  197  10:30  Gateway  
  197  10:33  Gateway  
  197  10:41  Void Ray  
  189  10:53  Sentry  
  189  10:54  Zealot x4  
  189  10:55  Void Ray  
  195  11:00  Void Ray  
  195  11:01  Protoss Air Weapons Level 2  
  161  11:13  Immortal  
  161  11:14  Void Ray (Chrono Boost)  
  161  11:17  Stalker x5  
  161  11:18  Void Ray (Chrono Boost)  
  164  11:26  Charge (Chrono Boost)  
  156  11:33  Void Ray (Chrono Boost)  
  150  11:44  Zealot x2, Sentry, Void Ray (Chrono Boost)  
  150  11:45  Zealot x2  
  150  11:46  Zealot  
  154  11:48  Void Ray (Chrono Boost)  
  154  11:50  Zealot x2  
  154  11:54  Void Ray (Chrono Boost)  
  156  11:56  Templar Archives  
  156  11:58  Assimilator  
  168  12:01  Immortal  
  168  12:02  Assimilator  
  168  12:08  Void Ray (Chrono Boost)  
  168  12:09  Photon Cannon, Zealot x3  
  168  12:15  Zealot  
  180  12:26  Zealot x4  
  180  12:28  Probe  
  180  12:29  Probe  
  178  12:31  Probe, Void Ray (Chrono Boost)  
  178  12:32  Psionic Storm  
  178  12:34  Probe  
  176  12:40  High Templar x2, Probe  
  176  12:41  High Templar  
  176  12:42  Probe  
  176  12:43  Probe  
  189  12:44  Archon  
  189  12:46  High Templar, Zealot x3  
  197  12:54  Observer  
  198  13:03  Void Ray x2 (Chrono Boost)  
  198  13:04  Void Ray (Chrono Boost)  
  192  13:17  High Templar, Zealot  
  192  13:18  Zealot x5  
  192  13:19  Immortal  
  174  13:26  Probe  
  169  13:40  Zealot x5  
  169  13:41  Zealot  
  175  13:59  Stalker, Zealot  
Tags
 
Add a new tag
Caveats
  • Supply blocks, unpowered buildings, or Contaminate may cause inaccurate times.
  • Supply counts are checked every 10 seconds.